 Dungeon Crawl Stone Soup version 0.29-a0-559-g359e09b9d1 (webtiles) character file.

Game seed: 7888208104278416724

37 Sparkles the Magician (level 3, 0/26 HPs)
             Began as a Djinni Conjurer on June 10, 2022.
             Slain by a black bear (7 damage)
             ... on level 2 of the Dungeon.
             The game lasted 00:03:39 (1956 turns).

Sparkles the Magician (Djinni Conjurer)             Turns: 1956, Time: 00:03:39

Health: 0/26       AC:  2    Str: 12    XL:     3   Next: 62%
Gold:   156        EV: 12    Int: 21    God:
                   SH:  0    Dex: 11

rFire   + + .      SeeInvis .   c - +0 short sword
rCold   x . .      Faith    .   (no shield)
rNeg    . . .      Spirit   .   a - +0 robe
rPois   ∞          Reflect  .   (no helmet)
rElec   .          Harm     .   (no cloak)
rCorr   .          Rampage  .   (no gloves)
Will    .....                   (boots unavailable)
Stlth   ++........              (no amulet)
HPRegen 0.08/turn               h - +6 ring of strength
MPRegen 0.00/turn               (no ring)

@: flying
A: sickness immunity, fire resistance 2, cold vulnerability 1, float, innate
caster, HP casting, extra vitality 1
a: no special abilities


You were on level 2 of the Dungeon.
You visited 1 branch of the dungeon, and saw 2 of its levels.

You collected 156 gold pieces.

Inventory:

Hand Weapons
 c - a +0 short sword (weapon)
Armour
 a - a +0 robe (worn)
Jewellery
 b - an amulet of faith
 h - a +6 ring of strength (left hand)
Scrolls
 d - a scroll of teleportation {unknown}
 e - a scroll of magic mapping {unknown}
 i - 2 scrolls of identify {unknown}
 j - a scroll of enchant weapon {unknown}
Potions
 f - 2 potions of curing {unknown}
 g - a potion of might {unknown}
 k - a potion of brilliance {unknown}
 l - a potion of invisibility {unknown}


   Skills:
 * Level 0.8 Fighting
 * Level 2.2 Dodging
 + Level 1.5 Stealth
 * Level 4.0 Spellcasting


You couldn't memorise any spells.
You knew the following spells:

 Your Spells              Type           Power      Damage    Failure   Level
a - Magic Dart            Conj           84%        1d7       2%          1
b - Searing Ray           Conj           42%        2d6       3%          2
c - Dazzling Flash        Conj/Hex       42%        N/A       7%          3
d - Fulminant Prism       Conj/Hex       10%        3d9       22%         4
e - Iskenderun's Mystic   Conj/Tloc      21%        2d6       22%         4
f - Foxfire               Conj/Fire      84%        2x1d8     2%          1
Your spell library was empty.

Dungeon Overview and Level Annotations

Branches:
Dungeon (2/15)

Altars:

Shops:
D:1 =   D:2 (


Innate Abilities, Weirdness & Mutations

You are immune to sickness and miasma.
You are immune to poison.
Your flesh is very heat resistant. (rF++)
You are vulnerable to cold. (rC-)
You float through the air rather than walking.
You learn spells naturally, not from books.
Your magical power is your life essence.
You have superior vitality. (+4 MHP)


Message History

A black bear comes into view.
The black bear growls angrily.
Casting: Magic Dart (safe; 2% risk of failure)
Confirm with . or Enter, or press ? or * to list all spells.
The spell is quite dangerous to miscast (7% risk of failure)!
Continue anyway?
Casting: Dazzling Flash (quite dangerous; 7% risk of failure)
Press: ? - help, Dir - look around, f - activate
Casting: Dazzling Flash (quite dangerous; 7% risk of failure)
Confirm with . or Enter, or press ? or * to list all spells.
Aiming: Searing Ray (safe; 3% risk of failure)
Press: ? - help, Shift-Dir - straight line, f - black bear
Aim: a black bear (84% to hit)
The searing ray hits the black bear!
The black bear is moderately wounded. (Press . to maintain the ray.)
The black bear barely misses you. x2
The black bear claws you but does no damage.
The searing ray hits the black bear.
The black bear is heavily wounded.
The black bear bites you! The black bear closely misses you.
The black bear claws you.
The searing ray hits the black bear!
The black bear is almost dead.
The black bear goes berserk!
The searing ray misses the black bear.
You finish channelling your searing ray.
The black bear closely misses you.
The black bear claws you but does no damage.
The black bear closely misses you.
Casting: Searing Ray (safe; 3% risk of failure)
Confirm with . or Enter, or press ? or * to list all spells.
Aiming: Searing Ray (safe; 3% risk of failure)
Press: ? - help, Shift-Dir - straight line, f/p - black bear
Aim: a black bear (almost dead, berserk, 84% to hit)
The searing ray hits the black bear.
The black bear is almost dead. (Press . to maintain the ray.)
* * * LOW HITPOINT WARNING * * *
The black bear closely misses you. The black bear claws you!
You die...

#.# #.# #....#
#.... #.# #.#
####.###.#.# #.#
#.# #.......# #.#
#.# ###.##.##
######.## #.######
#.##.# ........#
#......# #.##.#
#.......###.####.#
#.##.#
#.#####.##..#.#..#
#.##.#
#.#####.##...#.#@#
#.##.##
............####h#
#.##...
..#####.###.......
#.##... ..#
###............
#.##... ..#
#.........####.#
#...... ..#
#.######### .#
#..###. ..# #.# .#
##..# #. .## #.# #
#...###. .# #.#
#.#.....


You could see a black bear (berserk).

Vanquished Creatures
  2 dart slugs (D:1)
  4 endoplasms
  3 giant cockroaches (D:1)
  2 goblins (D:1)
  2 hobgoblins
  4 kobolds
  A quokka (D:1)
  4 ball pythons
  A bat (D:1)
  A frilled lizard (D:1)
  7 rats
31 creatures vanquished.

Notes
Turn   | Place    | Note
-------+----------+-------------------------------------------
     0 | D:1      | Sparkles the Djinni Conjurer began the quest for the Orb.
     0 | D:1      | Reached XP level 1. HP: 15/15 MP: 0/0
   387 | D:1      | Reached XP level 2. HP: 16/22 MP: 0/0
   812 | D:1      | Reached XP level 3. HP: 25/26 MP: 0/0
   812 | D:1      | Learned a level 1 spell: Foxfire
   909 | D:1      | Found a faded altar of an unknown god.
  1066 | D:1      | Found Sotuyneg's Jewellery Boutique.
  1493 | D:2      | Found Jitott's Weapon Shop.
  1751 | D:2      | Reached skill level 4 in Spellcasting
  1950 | D:2      | Noticed a black bear
  1956 | D:2      | Slain by a black bear

Illustrated notes

Levels and vault maps discovered:
D:1:      heliophobic_arrival_enchanted_forest, layout_basic,
          basic_ecumenical_altar, serial_shops, nicolae_shop_waterfront
D:2:      layout_loops_ring, serial_shops, shop, skrybe_limestone_x,
          moated_statue, minmay_misc_feat_tiny, serial_park_tiny_1,
          wad_floor_pattern_untrapped

Skill      XL: |  1  2  3 |
---------------+----------+-----
Spellcasting   | 4 |  4.0
Fighting       | |  0.8
Dodging        | |  2.2
Stealth        | |  1.5

Action                   || total
-------------------------++-------
 Cast: Magic Dart        ||    60
       Searing Ray       ||     2
       Dazzling Flash    ||     1
Armor: Robe              ||     3
Dodge: Dodged            ||     8

Table legend: (Time is in decaauts)
 A = Elapsed time spent in this place.
 B = Non-inter-level travel time spent in this place.
 C = Inter-level travel time spent in this place.
 D = Time resting spent in this place.
 E = Time spent auto-exploring this place.
 F = Levels seen in this place.
 G = Mean time per level.
                   A        B        C        D        E       F      G
               +--------+--------+--------+--------+--------+-----+--------+
         Total |   1954 |   1927 |     27 |      0 |   1771 |   2 |  977.0 |
       Dungeon |   1954 |   1927 |     27 |      0 |   1771 |   2 |  977.0 |
               +--------+--------+--------+--------+--------+-----+--------+

Top non-repeatable levels by time:
     D:1: 1240 daAuts
     D:2: 714 daAuts
